 Dungeon Crawl Stone Soup version 0.21.1-1-g345015fe64 (webtiles) character file.

113 Jerry the Chopper (level 4, -3/36 HPs)
             Began as a Demonspawn Berserker on Feb 11, 2018.
             Was a Priest of Trog.
             Killed from afar by Sigmund (7 damage)
             ... with a wand of flame (31)
             ... on level 3 of the Dungeon.
             The game lasted 00:04:46 (2190 turns).

Jerry the Chopper (Demonspawn Berserker)            Turns: 2190, Time: 00:04:46

Health: -3/36      AC:  7    Str: 18    XL:     4   Next: 65%
Magic:  4/4        EV: 11    Int:  8    God:    Trog [***...]
Gold:   119        SH:  4    Dex: 13    Spells: 3/3 levels left

rFire    . . .     SeeInvis .   a - +0 hand axe
rCold    + . .     Gourm    .   j - +0 buckler
rNeg     . . .     Faith    .   o - +1 robe {rC+}
rPois    .         Spirit   .   (no helmet)
rElec    .         Reflect  .   (no cloak)
rCorr    +         Harm     .   m - +0 pair of gloves
MR       .....                  i - +0 pair of boots
Stlth    +.........             (no amulet)
HPRegen  0.12/turn              l - ring of resist corrosion
MPRegen  0.09/turn              (no ring)

@: berserk cooldown, slowed, very slow
A: hooves 1, yellow scales 1
a: Berserk, Trog's Hand, Burn Spellbooks, Renounce Religion


You were on level 3 of the Dungeon.
You worshipped Trog.
Trog was most pleased with you.
You were near starving.

You visited 1 branch of the dungeon, and saw 3 of its levels.

You collected 119 gold pieces.

Inventory:

Hand Weapons
 a - a +0 hand axe (weapon)
Armour
 i - a +0 pair of boots (worn)
 j - a +0 buckler (worn)
 m - a +0 pair of gloves (worn)
 o - a +1 robe of cold resistance (worn)
Jewellery
 l - a ring of resist corrosion (left hand)
Potions
 b - a potion of curing {unknown}
 d - a potion of degeneration {unknown}
 e - a potion of lignification {unknown}
 h - a potion of cancellation
Comestibles
 c - 8 rations


   Skills:
 + Level 3.6 Fighting
 * Level 3.8 Axes
 + Level 2.5 Armour
 - Level 1.7 Dodging
 + Level 1.2 Shields


You had 3 spell levels left.
You didn't know any spells.

Dungeon Overview and Level Annotations

Branches:
Dungeon (3/15)

Altars:

Annotations:
D:3 Sigmund


Innate Abilities, Weirdness & Mutations

You have large cloven feet.
You are partially covered in yellow scales. (AC +2)


Message History

* * * LOW HITPOINT WARNING * * *
You closely miss something.
You hear a zap.
A puff of flame appears from out of thin air!
You block the puff of flame.
You barely miss something. You miss something. Something hits you.
* * * LOW HITPOINT WARNING * * *
You barely miss something. You hit something.
Something hits you but does no damage.
You closely miss something. You miss something.
You are no longer berserk.
You are exhausted.
You feel yourself slow down. Something barely misses you.
You hit something.
You hear a zap.
A puff of flame appears from out of thin air!
The puff of flame hits you!
You die...

................†......#
...###..####†#.##...>..#
...#.....###.#.# #.....##
...#.###.......# #......#
.....# ##....### #......#.
#..### #..##.#####........
#<.# #.###.....#<)...#
#...# #.##........####...
................@.......$.
.........#.....{)..#......
#..####..........?........
#..# ..##................
#... # #.............###
.... ..............#
#...........#.#
#.........#....


There were no monsters in sight!

Vanquished Creatures
  3 adders (D:2)
  2 oozes
  2 worms (D:2)
  3 dart slugs
  3 leopard geckos
  4 giant cockroaches
  8 goblins
  10 hobgoblins
  4 jackals (D:2)
  2 ball pythons
  7 bats
  4 frilled lizards
  5 kobolds
  5 rats
62 creatures vanquished.

Notes
Turn   | Place    | Note
-------+----------+-------------------------------------------
     0 | D:1      | Jerry the Demonspawn Berserker began the quest for the Orb.
     0 | D:1      | Reached XP level 1. HP: 18/18 MP: 1/1
    87 | D:1      | Gained mutation: You are partially covered in yellow scales. (AC +2) [demonic ancestry]
    87 | D:1      | Reached XP level 2. HP: 21/24 MP: 2/2
   393 | D:1      | Reached ** piety under Trog
   447 | D:1      | Reached XP level 3. HP: 29/29 MP: 3/3
  1212 | D:2      | Gained mutation: You have large cloven feet. [demonic ancestry]
  1212 | D:2      | Reached XP level 4. HP: 35/35 MP: 4/4
  1389 | D:2      | Reached skill level 1 in Shields
  1761 | D:3      | Noticed Sigmund
  1855 | D:3      | Reached *** piety under Trog
  2190 | D:3      | Killed from afar by Sigmund

Skill      XL: |  1  2  3  4 |
---------------+-------------+-----
Axes           | 3 |  3.8
Armour         | 2 |  2.5
Shields        | 1 |  1.2
Fighting       | |  3.6
Dodging        | |  1.7

Action                   |  1- 3 |  4- 6 || total
-------------------------+-------+-------++-------
Melee: Hand axe          |   105 |    94 ||   199
Invok: Berserk           |     1 |     1 ||     2
  Use: Scroll            |       |     3 ||     3
  Eat: Chunk             |     2 |     2 ||     4
Armor: Animal skin       |    40 |     5 ||    45
       Robe              |       |    27 ||    27
Dodge: Dodged            |    80 |    49 ||   129
Block: Buckler           |     5 |    14 ||    19
